 Dungeon Crawl Stone Soup version 0.29.1-15-g9cfb28693d (webtiles) character file.

Game seed: 13181275565760525036

53 dudediamond6 the Conjurer (level 3, -6/26 HPs)
             Began as a Draconian Conjurer on Feb 24, 2023.
             Killed from afar by Terence (10 damage)
             ... with a puff of flame
             ... on level 3 of the Dungeon.
             The game lasted 00:03:16 (2009 turns).

dudediamond6 the Conjurer (Draconian Conjurer)      Turns: 2009, Time: 00:03:17

Health: -6/26      AC:  5    Str: 15    XL:     3   Next: 64%
Magic:  5/6        EV: 12    Int: 20    God:
Gold:   137        SH:  0    Dex:  9    Spells: 3/6 levels left

rFire   . . .      SeeInvis .   g - +0 spear
rCold   . . .      Faith    .   (no shield)
rNeg    . . .      Spirit   .   (body armour unavailable)
rPois   .          Reflect  .   (helmet restricted)
rElec   .          Harm     .   (no cloak)
rCorr   .          Rampage  .   (no gloves)
Will    +....                   (no boots)
Stlth   ++........              e - amulet of magic regeneration
HPRegen 0.08/turn               c - +6 ring of strength
MPRegen 0.50/turn               k - ring of willpower

@: no status effects
A: AC +5, unfitting armour, cold-blooded
a: no special abilities


You were on level 3 of the Dungeon.
You visited 1 branch of the dungeon, and saw 3 of its levels.

You collected 137 gold pieces.

Inventory:

Hand Weapons
 g - a +0 spear (weapon)
Jewellery
 c - a +6 ring of strength (left hand)
 e - an amulet of magic regeneration (around neck)
 k - a ring of willpower (right hand)
 o - a ring of positive energy
Wands
 q - a wand of paralysis (8)
 r - a wand of flame (22)
Scrolls
 d - a scroll of immolation {unknown}
 i - a scroll of vulnerability {unknown}
 l - a scroll of teleportation {unknown}
 n - a scroll of magic mapping {unknown}
 p - a scroll of brand weapon {unknown}
 s - a scroll of identify {unknown}
 t - a scroll of enchant weapon {unknown}
Potions
 a - 2 potions of magic
 b - a potion of degeneration {unknown}
 f - a potion of heal wounds {unknown}
 h - a potion of mutation {unknown}
 j - a potion of attraction {unknown}
 m - a potion of lignification {unknown}


   Skills:
 + Level 0.9 Polearms
 + Level 1.9 Dodging
 + Level 1.7 Stealth
 * Level 2.4 Spellcasting
 * Level 4.9 Conjurations


You had 3 spell levels left.
You knew the following spells:

 Your Spells              Type           Power      Damage    Failure   Level
a - Magic Dart            Conj           88%        1d7       1%          1
b - Searing Ray           Conj           44%        2d6       3%          2

Your spell library contained the following spells:

 Spells                   Type           Power      Damage    Failure   Level
 Dazzling Flash           Conj/Hex       24%        N/A       17%         3
 Call Imp                 Summ           2%         N/A       22%         2
 Ensorcelled Hibernation  Hex/Ice        4%         N/A       22%         2
 Mephitic Cloud           Conj/Pois/Air  8%         N/A       24%         3
 Spider Form              Tmut/Pois      2%         N/A       41%         3
 Fulminant Prism          Conj/Hex       6%         3d7       50%         4
 Iskenderun's Mystic Bla  Conj/Tloc      12%        2d5       50%         4
 Anguish                  Hex/Necr       1%         N/A       83%         4


Dungeon Overview and Level Annotations

Branches:
Dungeon (3/15)

Altars:

Annotations:
D:3 Ijyb, Terence


Innate Abilities, Weirdness & Mutations

Your plain brown scales are hard. (AC +5)
You cannot fit into any form of body armour.
You are cold-blooded and may be slowed by cold attacks.


Message History

You add the spells Call Imp and Mephitic Cloud to your library.
s - a scroll labelled BAKOATR INNIO
Okay, then.
An endoplasm comes into view.
The magic dart hits the endoplasm.
The endoplasm is severely wounded.
The endoplasm quivers.
The magic dart hits the endoplasm.
You kill the endoplasm!
Found a stone staircase leading down.
t - a scroll labelled OTREUTU NOATT
Found an escape hatch in the floor.
Terence the Incautious comes into view.
He is wielding a +0 flail and carrying a wand of flame (22).
Found 3 stones.
The magic dart hits Terence.
Terence is lightly wounded.
Terence shouts!
You hear a shout! x3
Ijyb the Twisted Goblin comes into view.
She is wielding a +0 club and carrying a wand of iceblast (6).
Terence zaps a wand.
The puff of flame hits you!
Casting: Magic Dart (safe; 1% risk of failure)
Confirm with . or Enter, or press ? or * to list all spells.
Aiming: Searing Ray (safe; 3% risk of failure)
Press: ? - help, Shift-Dir - straight line, f/p - Terence
Aim: Terence, wielding a +0 flail, wearing a +0 scale mail and carrying a wand of flame (21) (lightly wounded, 81% to hit)
The searing ray hits Terence.
Terence is moderately wounded. (Press . to maintain the ray.)
The searing ray hits Terence.
Terence is heavily wounded.
The searing ray hits Terence.
Terence is severely wounded.
Terence barely misses you.
Ijyb zaps a wand.
The mass of ice explodes!
The iceblast engulfs you!
Ouch! That really hurt!
* * * LOW HITPOINT WARNING * * *
You hear a shout!
You hear an angry hiss.
You hear a shout! x2
Terence attacks as you move away! Terence closely misses you.
Terence attacks as you move away! Terence hits you but does no damage.
Terence zaps a wand.
The puff of flame hits you!
You die...

........................
........................
>..⌠....................
........................
...⌠._.†................
......................#
..............##...####
..........)#####...# ..
... #.@.@.># ....#
#.##...# g... ##.######
..... #..# ......#g##
.>......# ......###
...... ...~.


You could see Terence.

Vanquished Creatures
  An adder (D:2)
  4 ball pythons
  7 endoplasms
  2 giant cockroaches (D:1)
  7 goblins
  3 hobgoblins
  A quokka (D:1)
  2 bats (D:1)
  3 frilled lizards
  5 kobolds
  7 rats
42 creatures vanquished.

Notes
Turn   | Place    | Note
-------+----------+-------------------------------------------
     0 | D:1      | dudediamond6 the Draconian Conjurer began the quest for the
                  | Orb.
     0 | D:1      | Reached XP level 1. HP: 14/14 MP: 3/3
   417 | D:1      | Reached XP level 2. HP: 20/20 MP: 3/5
  1497 | D:2      | Reached XP level 3. HP: 26/26 MP: 4/6
  1500 | D:2      | Learned a level 2 spell: Searing Ray
  1936 | D:3      | Found a faded altar of an unknown god.
  1998 | D:3      | Noticed Terence
  1999 | D:3      | Noticed Ijyb
  2009 | D:3      | Killed from afar by Terence

Illustrated notes

Levels and vault maps discovered:
D:1:      dpeg_arrival_round_a, layout_loops_corners, grunt_decor_clamped,
          minmay_misc_feat_encased
D:2:      minmay_skewed_foursquare, layout_rooms, amcnicky_mini_pool_small
D:3:      layout_rooms, mainiacjoe_overflow_boulevard,
          hellmonk_ecumenical_altar_run_dry, corexii_leaking_fountain,
          uniq_terence, uniq_natasha, uniq_crazy_yiuf_cottage, uniq_ijyb

Action                   || total
-------------------------++-------
Melee: Dagger            ||    13
       Tailslap          ||     1
       Spear             ||     3
 Cast: Magic Dart        ||    78
       Searing Ray       ||     1
Armor: Skin              ||     6
Dodge: Dodged            ||    22
